 Dungeon Crawl Stone Soup version 0.23-a0-586-gacb4b3f (webtiles) character file.

59 rageheart7 the Slasher (level 4, -1/34 HPs)
             Began as a Human Wanderer on Dec 18, 2018.
             Slain by a quokka (3 damage)
             ... on level 2 of the Dungeon.
             The game lasted 00:01:36 (813 turns).

rageheart7 the Slasher (Human Wanderer)              Turns: 813, Time: 00:01:36

Health: -1/34      AC:  2    Str: 16    XL:     4   Next: 22%
Magic:  4/4        EV:  8    Int: 10    God:
Gold:   30         SH:  7    Dex: 12    Spells: 3/3 levels left

rFire    + . .     SeeInvis .   a - +2 falchion
rCold    + . .     Gourm    .   l - +0 shield {rC+ rF+}
rNeg     . . .     Faith    .   d - +0 robe
rPois    .         Spirit   .   (no helmet)
rElec    .         Reflect  .   (no cloak)
rCorr    .         Harm     .   (no gloves)
MR       .....                  (no boots)
Stlth    ++........             (no amulet)
HPRegen  0.11/turn              (no ring)
MPRegen  0.09/turn              (no ring)

@: no status effects
A: no striking features
a: no special abilities


You were on level 2 of the Dungeon.
You were not hungry.

You visited 1 branch of the dungeon, and saw 2 of its levels.

You collected 30 gold pieces.

Inventory:

Hand Weapons
 a - a +2 falchion (weapon)
 e - a +0 dagger
 i - a +1 whip of venom
Armour
 d - a +0 robe (worn)
 l - a +0 shield of resistance (worn)
Scrolls
 c - a scroll of teleportation
 k - a scroll of identify
 m - a scroll of amnesia
Potions
 b - a potion of lignification
 g - a potion of resistance {unknown}
 h - a potion of curing {unknown}
 j - a potion of might
 n - a potion of agility {unknown}
 o - a potion of flight {unknown}
Comestibles
 f - 2 rations
 p - 2 chunks of flesh


   Skills:
 * Level 2.9 Fighting
 * Level 3.5 Long Blades
   Level 1.0 Polearms
 - Level 2.0 Throwing
 - Level 1.0 Dodging
 - Level 2.0 Stealth


You had 3 spell levels left.
You didn't know any spells.
Your spell library was empty.

Dungeon Overview and Level Annotations

Branches:
Dungeon (2/15)

Altars:
Fedhas


Message History

You are too injured to fight recklessly!
You are too injured to fight recklessly!
Your shield prevents you from hitting the quokka.
The quokka bites you. The quokka barely misses you.
You riposte.
You barely miss the quokka. You closely miss the quokka.
The quokka barely misses you.
You hit the quokka.
The quokka is severely wounded.
The quokka bites you.
* * * LOW HITPOINT WARNING * * *
The quokka bites you.
* * * LOW HITPOINT WARNING * * *
You closely miss the quokka.
The quokka is severely wounded.
The quokka bites you.
* * * LOW HITPOINT WARNING * * *
You hit the quokka but do no damage.
The quokka is severely wounded.
The quokka bites you.
You die...

....^..>.††.#####....
.######.###.#......_
#.###.#.##...
#.....#.##..#
#.##÷.#.##.r#
#.##..#.##).#
#...........#
####..#.#.#.#
..>...#@#.#.#
####....r.#..
#.#.####### ..###.
#.# #.


You could see a quokka.

Vanquished Creatures
  An adder (D:2)
  An ooze (D:1)
  A worm (D:2)
  3 dart slugs (D:1)
  A leopard gecko (D:1)
  A ball python (D:1)
  2 giant cockroaches (D:1)
  5 hobgoblins (D:1)
  5 kobolds
  6 bats
  3 frilled lizards
  2 goblins (D:1)
  7 rats
38 creatures vanquished.

Notes
Turn   | Place    | Note
-------+----------+-------------------------------------------
     0 | D:1      | rageheart7 the Human Wanderer began the quest for the Orb.
     0 | D:1      | rageheart7 set off with the following items: a +2 falchion,
                  | a potion of lignification, a scroll of teleportation, a +0
                  | robe, a +0 dagger, a ration
     0 | D:1      | Reached XP level 1. HP: 16/16 MP: 1/1
    92 | D:1      | Reached XP level 2. HP: 18/22 MP: 2/2
   247 | D:1      | Reached XP level 3. HP: 27/28 MP: 3/3
   299 | D:1      | Reached skill level 3 in Long Blades
   766 | D:2      | Reached XP level 4. HP: 19/34 MP: 4/4
   776 | D:2      | Found a blossoming altar of Fedhas.
   813 | D:2      | Slain by a quokka

Vault maps used:
D:1:      ncdulo_watergridlock, serial_curves, eino_curves_04, eino_curves_02,
          eino_curves_03, minmay_tall_x
D:2:      overflow_temple_1_default, lightli_temple_of_fire, first_ration,
          tso_metal_star

Skill      XL: |  1  2  3 |
---------------+----------+-----
Long Blades    | 3 |  3.5
Fighting       | |  2.9
Polearms       | |  1.0
Throwing       | |  2.0
Dodging        | |  1.0
Stealth        | |  2.0

Action                   |  1- 3 |  4- 6 || total
-------------------------+-------+-------++-------
Melee: Falchion          |    65 |    14 ||    79
  Use: Scroll            |     3 |       ||     3
 Stab: Sleeping          |     5 |       ||     5
Armor: Robe              |     9 |     1 ||    10
Dodge: Dodged            |    55 |     4 ||    59
Block: Shield            |     4 |     3 ||     7
       Rpst.: Falchion   |    23 |     2 ||    25

Table legend:
 A = Non-vault XP
 B = Vault XP
 C = Vault XP percentage of total XP
 D = Non-vault monster count
 E = Vault monster count
 F = Vault count percentage of total count
                 A         B        C        D         E       F
            +---------+---------+-------+---------+---------+-------
      Total |      74 |      11 |  12.9 |      34 |       4 |  10.5
            +---------+---------+-------+---------+---------+-------
        D:1 |      48 |      11 |  18.6 |      26 |       4 |  13.3
        D:2 |      26 |       0 |   0.0 |       8 |       0 |   0.0
            +---------+---------+-------+---------+---------+-------
